 Dungeon Crawl Stone Soup version 0.23-a0-622-g59b4ea9 (console) character file.

696 bli the Chopper (level 7, -1/56 HPs)
             Began as a Formicid Abyssal Knight on Dec 23, 2018.
             Was a Believer of Lugonu.
             Slain by a gnoll
             ... wielding a +0 spear
              (4 damage)
             ... on level 4 of the Dungeon.
             The game lasted 00:12:58 (3272 turns).

bli the Chopper (Formicid Abyssal Knight)           Turns: 3272, Time: 00:12:59

Health: -1/56      AC:  4    Str: 17    XL:     7   Next: 97%
Magic:  8/8        EV: 11    Int: 11    God:    Lugonu [**....]
Gold:   170        SH:  0    Dex: 12    Spells: 6/6 levels left

rFire    + . .     SeeInvis +   a - +4 hand axe
rCold    . . .     Gourm    .   (no shield)
rNeg     . . .     Faith    .   k - +0 leather armour
rPois    .         Spirit   .   (helmet unavailable)
rElec    .         Reflect  .   (no cloak)
rCorr    .         Harm     .   g - +0 pair of gloves
MR       .....                  (no boots)
Stlth    +.........             (no amulet)
HPRegen  0.18/turn              y - ring of protection from fire
MPRegen  0.11/turn              (no ring)

@: no status effects
A: permanent stasis, dig shafts and tunnels, four strong arms, antennae 3
a: Dig, Shaft Self, Depart the Abyss, Bend Space, Renounce Religion


You were on level 4 of the Dungeon.
You worshipped Lugonu.
Lugonu was pleased with you.
You were hungry.

You visited 1 branch of the dungeon, and saw 4 of its levels.
You visited the Abyss 1 time.

You collected 170 gold pieces.

Inventory:

Hand Weapons
 a - a +4 hand axe (weapon)
 b - a +0 hunting sling
 c - a +2 antimagic hand axe
 h - a +1 hand axe
Missiles
 d - 140 stones (quivered)
 t - 5 tomahawks
 u - 19 sling bullets
 w - 3 javelins
Armour
 g - a +0 pair of gloves (worn)
 k - a +0 leather armour (worn)
 s - a +1 scale mail of poison resistance
Jewellery
 y - a ring of protection from fire (left hand)
Scrolls
 e - 3 scrolls of teleportation {unknown}
 i - a scroll of random uselessness {unknown}
 m - 2 scrolls of immolation {unknown}
 n - a scroll of identify {unknown}
 o - 2 scrolls of amnesia {unknown}
 p - a scroll of remove curse {unknown}
 r - a scroll of enchant armour {unknown}
Potions
 f - 3 potions of curing {unknown}
 j - a potion of might {unknown}
 q - 2 potions of heal wounds {unknown}
 v - a potion of agility {unknown}
 x - a potion of berserk rage {unknown}
Comestibles
 l - 6 rations
 z - 2 chunks of flesh


   Skills:
 + Level 5.2 Fighting
 * Level 6.0 Axes
 + Level 2.9(3.2) Slings
 + Level 1.9(2.6) Throwing
 + Level 3.2 Armour
 - Level 1.0 Dodging
 + Level 2.1 Invocations


You had 6 spell levels left.
You didn't know any spells.
Your spell library contained the following spells:

 Spells                   Type           Power        Failure   Level  Hunger
 Magic Dart               Conj           #...         38%         1    ##.....
 Call Imp                 Summ           #.......     54%         2    ###....
 Slow                     Hex            #.......     54%         2    ###....
 Conjure Flame            Conj/Fire      #.......     77%         3    ####...
 Mephitic Cloud           Conj/Pois/Air  #.......     77%         3    ####...
 Blink                    Tloc           Unusable     N/A         2    N/A

Dungeon Overview and Level Annotations

Branches:
Dungeon (4/15)             Temple (0/1) D:4

Altars:
Makhleb
Nemelex Xobeh
Xom
Yredelemnul


Innate Abilities, Weirdness & Mutations

You cannot be hasted, slowed, berserked, paralysed or teleported.
You can dig through walls and to a lower floor.
Your four strong arms can wield two-handed weapons with a shield.
You have a pair of large antennae on your head. (SInv)


Message History

* * * LOW HITPOINT WARNING * * *
The gnoll hits you but does no damage.
You hit the gnoll.
You kill the gnoll!
Lugonu accepts your kill.
Your Axes skill increases to level 6!
You hit the jackal.
You kill the jackal!
Lugonu accepts your kill.
You barely miss the gnoll. You hit the gnoll. The gnoll closely misses you.
The
* * * LOW HITPOINT WARNING * * *
You barely miss the gnoll.
The gnoll is severely wounded.
You hit the gnoll but do no damage. The gnoll hits you with a +0 spear.
* * * LOW HITPOINT WARNING * * *
The gnoll misses you.
You closely miss the gnoll.
The gnoll is severely wounded.
You closely miss the gnoll. The gnoll hits you with a +0 spear.
You die...

.......#...............###....###
.......#..............#.
.......###....##'####.#.
.......##........#......
.......##........#.....
.......##......###...#
.......##....).# #.⌠.# .
.###...##......###...###.. .#
#...##.....†.(.......(( .#
#...##......g)†(>.(⌠.# .#
######......g@...((.(# .#
#.......###..(#### .# #.......#
#.⌠.# .# #.......# #...# .#
#.......#####.# .#
#.............# .#
#############.# .# ## .# .# .#


You could see 2 gnolls.

Vanquished Creatures
  Grinder (D:4)
  An ogre (D:4)
  A bullfrog (D:2)
  A scorpion (D:4)
  A crimson imp (D:3)
  Terence (D:3)
  An orc wizard (D:2)
  2 worker ants (D:4)
  A hound zombie (D:3)
  2 gnolls (D:4)
  10 adders
  A dart slug (D:1)
  A leopard gecko (D:2)
  2 orcs (D:3)
  4 giant cockroaches
  5 goblins
  6 hobgoblins
  6 jackals
  3 quokkas
  2 bats (D:2)
  4 frilled lizards
  6 kobolds
  6 rats
  A withered plant (D:3)
69 creatures vanquished.

Notes
Turn   | Place    | Note
-------+----------+-------------------------------------------
     0 | Abyss:1  | bli the Formicid Abyssal Knight began the quest for the
                  | Orb.
     0 | Abyss:1  | Reached XP level 1. HP: 18/18 MP: 2/2
    37 | Abyss:1  | Noticed a ynoxinul
    38 | D:1      | Escaped the Abyss
    82 | D:1      | Reached skill level 1 in Dodging
   103 | D:1      | Reached * piety under Lugonu
   168 | D:1      | Reached XP level 2. HP: 24/24 MP: 3/3
   583 | D:1      | Reached XP level 3. HP: 30/30 MP: 1/4
   859 | D:2      | Found a burning altar of Makhleb.
   859 | D:2      | Found a shimmering altar of Xom.
  1262 | D:2      | Reached XP level 4. HP: 38/38 MP: 5/5
  1291 | D:2      | Reached skill level 3 in Axes
  1734 | D:2      | Noticed a bullfrog
  1745 | D:2      | Killed a bullfrog
  1745 | D:2      | Reached skill level 4 in Axes
  1745 | D:2      | Reached XP level 5. HP: 23/43 MP: 1/6
  1912 | D:3      | Found a basalt altar of Yredelemnul.
  1915 | D:3      | Noticed Terence
  2110 | D:3      | Reached XP level 6. HP: 47/49 MP: 7/7
  2116 | D:3      | Reached skill level 1 in Throwing
  2130 | D:3      | Reached ** piety under Lugonu
  2209 | D:3      | Killed Terence
  2789 | D:4      | Found a sparkling altar of Nemelex Xobeh.
  2803 | D:4      | Reached skill level 5 in Axes
  2825 | D:4      | Noticed an ogre
  2833 | D:4      | Killed an ogre
  2833 | D:4      | Reached skill level 1 in Slings
  2833 | D:4      | Reached XP level 7. HP: 55/55 MP: 8/8
  2872 | D:4      | Noticed Grinder
  2884 | D:4      | Reached skill level 5 in Fighting
  2925 | D:4      | Killed Grinder
  3220 | D:4      | Found a staircase to the Ecumenical Temple.
  3270 | D:4      | Reached skill level 6 in Axes
  3272 | D:4      | Slain by a gnoll

Vault maps used:
D:1:      onia_arrival_mini_maze
D:2:      gammafunk_temple_overflow_pools, first_ration, nrook_campfire
D:3:      yredelemnul_altar_generic, uniq_terence
D:4:      kennysheep_mini_moat, minmay_temple_entry_junction, uniq_grinder

Skill      XL: |  1  2  3  4  5  6  7 |
---------------+----------------------+-----
Dodging        | 1 |  1.0
Fighting       | 4 5 |  5.2
Axes           | 4 5 6 |  6.0
Throwing       | 1 |  1.9
Armour         | 3 |  3.2
Slings         | 1 2 |  2.9
Invocations    | |  2.1

Action                   |  1- 3 |  4- 6 |  7- 9 || total
-------------------------+-------+-------+-------++-------
Melee: Hand axe          |    81 |   112 |    23 ||   216
       Unarmed           |       |       |    13 ||    13
 Fire: Hunting sling     |       |    19 |    27 ||    46
Throw: Stone             |     3 |    31 |     2 ||    36
Invok: Depart the Abyss  |     1 |       |       ||     1
       Bend Space        |       |       |     1 ||     1
 Abil: Dig               |     2 |       |       ||     2
 Stab: Sleeping          |       |     1 |       ||     1
  Eat: Chunk             |     1 |     5 |     1 ||     7
Armor: Leather armour    |    19 |    13 |     5 ||    37
       Skin              |       |       |     9 ||     9
Dodge: Dodged            |    44 |    51 |    20 ||   115

Table legend:
 A = Non-vault XP
 B = Vault XP
 C = Vault XP percentage of total XP
 D = Non-vault monster count
 E = Vault monster count
 F = Vault count percentage of total count
                 A         B        C        D         E       F
            +---------+---------+-------+---------+---------+-------
      Total |     686 |     309 |  31.1 |      65 |       3 |   4.4
            +---------+---------+-------+---------+---------+-------
        D:1 |      29 |       1 |   3.3 |      16 |       1 |   5.9
        D:2 |     213 |       0 |   0.0 |      18 |       0 |   0.0
        D:3 |     133 |      36 |  21.3 |      18 |       1 |   5.3
        D:4 |     311 |     272 |  46.7 |      13 |       1 |   7.1
            +---------+---------+-------+---------+---------+-------
